 Dungeon Crawl Stone Soup version 0.29.1-15-g9cfb28693d (webtiles) character file.

Game seed: 9231620131763150478

167 safid the Chiller (level 5, -3/41 HPs)
             Began as a Merfolk Ice Elementalist on Apr 17, 2023.
             Killed by nerve-wracking pain
             ... invoked by a shadow imp
              (8 damage)
             ... on level 3 of the Dungeon.
             The game lasted 00:05:43 (3202 turns).

safid the Chiller (Merfolk Ice Elementalist)        Turns: 3202, Time: 00:05:44

Health: -3/41      AC:  2    Str:  9    XL:     5   Next: 48%
Magic:  9/18       EV: 12    Int: 16    God:
Gold:   73         SH:  0    Dex: 14    Spells: 6/10 levels left

rFire   . . .      SeeInvis .   g - +0 dagger (holy)
rCold   . . .      Faith    .   (no shield)
rNeg    . . .      Spirit   .   a - +0 robe
rPois   +          Reflect  .   (no helmet)
rElec   .          Harm     .   (no cloak)
rCorr   .          Rampage  .   (no gloves)
Will    .....                   (no boots)
Stlth   ++........              (no amulet)
HPRegen 0.13/turn               c - ring of magical power
MPRegen 0.16/turn               f - ring of poison resistance

@: no status effects
A: (nimble swimmer 2), mertail
a: no special abilities


You were on level 3 of the Dungeon.
You visited 1 branch of the dungeon, and saw 3 of its levels.

You collected 83 gold pieces.
You spent 10 gold pieces at shops.

Inventory:

Hand Weapons
 g - a +0 dagger of holy wrath (weapon)
Armour
 a - a +0 robe (worn)
Jewellery
 c - a ring of magical power (left hand)
 f - a ring of poison resistance (right hand)
 j - a ring of wizardry
Scrolls
 e - 4 scrolls of identify {unknown}
 h - 2 scrolls of fear {unknown}
 i - a scroll of magic mapping {unknown}
 p - a scroll of brand weapon {unknown}
 q - a scroll of fog {unknown}
Potions
 b - 2 potions of magic
 d - a potion of mutation {unknown}
 k - a potion of flight {unknown}
 l - a potion of curing
 m - a potion of heal wounds {unknown}
 n - 2 potions of experience {unknown}
 o - a potion of attraction {unknown}


   Skills:
 + Level 3.0 Fighting
 - Level 2.6 Dodging
 - Level 2.1 Stealth
 + Level 3.3 Spellcasting
 + Level 5.5 Ice Magic


You had 6 spell levels left.
You knew the following spells:

 Your Spells              Type           Power      Damage    Failure   Level
a - Freeze                Ice            80%        1d9       1%          1
b - Frozen Ramparts       Ice            40%        1d7       6%          3

Your spell library contained the following spells:

 Spells                   Type           Power      Damage    Failure   Level
 Ozocubu's Armour         Ice            20%        N/A       6%          3
 Poisonous Vapours        Pois/Air       4%         N/A       28%         2
 Conjure Flame            Conj/Fire      2%         6-21      50%         3
 Ignite Poison            Fire/Tmut/Pois 2%         N/A       50%         3
 Portal Projectile        Hex/Tloc       4%         N/A       50%         3
 Tukima's Dance           Hex            2%         N/A       50%         3
 Hailstorm                Conj/Ice       11%        3d5       52%         4
 Corpse Rot               Necr/Pois/Air  2%         N/A       88%         4
 Sticky Flame             Conj/Fire      2%         2d3       88%         4
 Blade Hands              Tmut           1%         N/A       99%         5


Dungeon Overview and Level Annotations

Branches:
Dungeon (3/15)

Altars:
Cheibriados
Elyvilon
Kikubaaqudgha
Xom

Shops:
D:1 ??   D:2 =


Innate Abilities, Weirdness & Mutations

((You are very nimble when in or above water. (Stealth+, EV+, Speed+++)))
Your lower body shifts to a powerful aquatic tail in water.


Message History

Press: ? - help, Shift-Dir - straight line, f/p - shadow imp
Aim: a shadow imp (heavily wounded)
You freeze the shadow imp.
The shadow imp resists.
The shadow imp is severely wounded.
The shadow imp gestures at you. Pain shoots through your body!
* * * LOW HITPOINT WARNING * * *
The endoplasm closely misses you.
It was a potion of curing.
You feel better. The shadow imp hits you.
* * * LOW HITPOINT WARNING * * *
The endoplasm misses you.
Casting: Freeze (safe; 1% risk of failure)
Confirm with . or Enter, or press ? or * to list all spells.
Aiming: Freeze (safe; 1% risk of failure)
Press: ? - help, Shift-Dir - straight line, f/p - shadow imp
Aim: a shadow imp (severely wounded)
You freeze the shadow imp.
The shadow imp resists.
The shadow imp is severely wounded.
The shadow imp closely misses you. The endoplasm hits you.
* * * LOW HITPOINT WARNING * * *
Casting: Freeze (safe; 1% risk of failure)
Confirm with . or Enter, or press ? or * to list all spells.
Aiming: Freeze (safe; 1% risk of failure)
Press: ? - help, Shift-Dir - straight line, f/p - shadow imp
Aim: a shadow imp (severely wounded)
You freeze the shadow imp.
The shadow imp resists.
The shadow imp is almost dead.
The shadow imp hits you.
* * * LOW HITPOINT WARNING * * *
The endoplasm closely misses you.
Casting: Freeze (safe; 1% risk of failure)
Confirm with . or Enter, or press ? or * to list all spells.
Aiming: Freeze (safe; 1% risk of failure)
Press: ? - help, Shift-Dir - straight line, f/p - shadow imp
Aim: a shadow imp (almost dead)
You freeze the shadow imp but do no damage.
The shadow imp completely resists.
The shadow imp gestures at you. Pain shoots through your body!
You die...

##.#######.....
##.######..>#.####.(...
........#.....#........
##......#.#.#.#.#......
.......#...#.#.#......
#..?......#)#.#......
#....###.#.#......##
#?.J.###.#.###.####
#.5@.....#.#+#.####
#####.##..........#
#..'.<........#
#.##..........#
#.#.>.........#
.............<#
#....#....)#..#
####....#.....#
#.#.....#..#


You could see a shadow imp and an endoplasm.

Vanquished Creatures
  Jessica (D:2)
  An orc wizard (D:3)
  A howler monkey skeleton (D:3)
  3 adders
  4 worms
  A dart slug (D:2)
  4 orcs (D:3)
  3 endoplasms
  3 giant cockroaches
  3 goblins
  6 hobgoblins
  4 jackals (D:1)
  9 kobolds
  3 quokkas
  8 ball pythons
  2 bats
  A frilled lizard (D:1)
  5 rats
62 creatures vanquished.

Notes
Turn   | Place    | Note
-------+----------+-------------------------------------------
     0 | D:1      | safid the Merfolk Ice Elementalist began the quest for the
                  | Orb.
     0 | D:1      | Reached XP level 1. HP: 13/13 MP: 3/3
   344 | D:1      | Reached XP level 2. HP: 20/20 MP: 5/5
   399 | D:1      | Reached skill level 1 in Fighting
   443 | D:1      | Found Imeqi's Magic Scroll Shop.
   613 | D:1      | Found Qeungov's Magic Scroll Emporium.
   621 | D:1      | Bought a scroll of noise for 10 gold pieces
   944 | D:1      | Reached XP level 3. HP: 26/26 MP: 6/6
   956 | D:1      | Found a faded altar of an unknown god.
  1104 | D:1      | Learned a level 3 spell: Frozen Ramparts
  1600 | D:2      | Noticed Jessica
  1612 | D:2      | Killed Jessica
  1613 | D:2      | Reached skill level 5 in Ice Magic
  1613 | D:2      | Reached XP level 4. HP: 33/33 MP: 5/8
  1697 | D:2      | Found Iseuraul's Jewellery Emporium.
  1716 | D:2      | Found a white marble altar of Elyvilon.
  2547 | D:3      | Reached XP level 5. HP: 33/39 MP: 9/9
  2604 | D:3      | Found a snail-covered altar of Cheibriados.
  2681 | D:3      | Found an ancient bone altar of Kikubaaqudgha.
  3047 | D:3      | Found a shimmering altar of Xom.
  3198 | D:3      | HP: 1/41 [shadow imp/nerve-wracking pain (4)]
  3202 | D:3      | Killed from afar by a shadow imp

Illustrated notes

Levels and vault maps discovered:
D:1:      heliophobic_arrival_dark_side_of_the_moon, layout_loops_ring,
          ebering_ecumenical_altar_box, serial_shops, shop,
          nicolae_lakefront_shop, fountainhead
D:2:      layout_loops_ring, basic_altar, serial_shops,
          nicolae_shop_advertising_works [nicolae_subvault_shop_adworks],
          hangedman_decor_clover_reticule, st_stairs_4, kennysheep_another_room,
          uniq_jessica
D:3:      layout_basic, mainiacjoe_overflow_24_doors,
          mainiacjoe_overflow_catch_the_wave, serial_undead, serial_undead_e,
          serial_undead_d, serial_undead_d, serial_undead_c,
          minmay_misc_feat_five, dilly_guarded_unrand_throatcut

Skill      XL: |  1  2  3  4  5 |
---------------+----------------+-----
Fighting       | 1 2 3 |  3.0
Ice Magic      | 5 |  5.5
Spellcasting   | 3 |  3.3
Dodging        | |  2.6
Stealth        | |  2.1

Action                   |  1- 3 |  4- 6 || total
-------------------------+-------+-------++-------
Melee: Short sword       |     2 |       ||     2
       Dagger            |    19 |    61 ||    80
 Cast: Freeze            |    51 |    23 ||    74
       Frozen Ramparts   |     2 |    13 ||    15
  Use: Potion            |       |     1 ||     1
 Stab: Distracted        |       |     1 ||     1
       Sleeping          |       |     1 ||     1
Armor: Robe              |    18 |    10 ||    28
Dodge: Dodged            |    39 |    53 ||    92
